 Dungeon Crawl Stone Soup version 0.29-a0-294-g83ea962da3 (webtiles) character file.

Game seed: 13146856485178189909

65 kae the Firebug (level 4, -4/25 HPs)
             Began as a Tengu Fire Elementalist on Mar 18, 2022.
             Blown up by Ijyb (22 damage)
             ... with a mindburst bolt
             ... on level 3 of the Dungeon.
             The game lasted 00:01:11 (1920 turns).

kae the Firebug (Tengu Fire Elementalist)           Turns: 1920, Time: 00:01:11

Health: -4/25      AC:  6    Str:  9    XL:     4   Next: 13%
Magic:  6/8        EV: 12    Int: 17    God:
Gold:   66         SH:  3    Dex: 14    Spells: 6/7 levels left

rFire   . . .      SeeInvis .   l - +0 dagger (protect)
rCold   . . .      Faith    .   m - +0 buckler
rNeg    . . .      Spirit   .   a - +1 robe
rPois   .          Reflect  .   (helmet restricted)
rElec   .          Harm     .   f - +2 cloak
rCorr   .          Rampage  .   (no gloves)
Will    .....                   (boots unavailable)
Stlth   ++........              (no amulet)
HPRegen 0.08/turn               (no ring)
MPRegen 0.11/turn               (no ring)

@: no status effects
A: beak, talons 3
a: no special abilities


You were on level 3 of the Dungeon.
You visited 1 branch of the dungeon, and saw 3 of its levels.

You collected 66 gold pieces.

Inventory:

Hand Weapons
 l - a +0 dagger of protection (weapon)
Armour
 a - a +1 robe (worn)
 f - a +2 cloak (worn)
 m - a +0 buckler (worn)
Wands
 h - a wand of charming (9)
Scrolls
 c - a scroll of noise
 q - a scroll of amnesia {unknown}
Potions
 b - a potion of magic
 d - 3 potions of might
 e - a potion of lignification {unknown}
 i - a potion of heal wounds {unknown}
 n - a potion of attraction {unknown}
 p - a potion of curing {unknown}


   Skills:
 + Level 1.2 Fighting
 - Level 2.1 Dodging
 - Level 2.0 Stealth
 + Level 0.3 Shields
 + Level 2.4 Spellcasting
 + Level 2.4 Conjurations
 * Level 4.2 Fire Magic


You had 6 spell levels left.
You knew the following spells:

 Your Spells              Type           Power      Damage    Failure   Level
a - Foxfire               Conj/Fire      52%        2x1d6     6%          1

Your spell library contained the following spells:

 Spells                   Type           Power      Damage    Failure   Level
 Scorch                   Fire           32%        2d6       7%          2
 Conjure Flame            Conj/Fire      13%        6-21      19%         3
 Inner Flame              Hex/Fire       9%         N/A       32%         3
 Flame Wave               Conj/Fire      13%        2d6       54%         4


Dungeon Overview and Level Annotations

Branches:
Dungeon (3/15)

Altars:

Shops:
D:1 [

Annotations:
D:3 Ijyb


Innate Abilities, Weirdness & Mutations

You have a beak for a mouth.
You have claws for feet.


Message History

The foxfire hits the adder.
The adder is lightly wounded.
The adder barely misses you.
The foxfire hits the adder.
The adder is heavily wounded.
You block the adder's attack.
Ijyb screams, "Level is mine!
All mine!"
The orc cheers repeatedly.
You hear a zap.
You hear a grinding noise.
Casting: Foxfire (safe; 6% risk of failure)
Confirm with . or Enter, or press ? or * to list all spells.
You conjure some foxfire!
The adder closely misses you. The adder bites you.
The adder bites you but does no damage.
The foxfire hits the orc.
The orc is heavily wounded.
You block the adder's attack. The adder misses you.
Casting: Foxfire (safe; 6% risk of failure)
Confirm with . or Enter, or press ? or * to list all spells.
There is not enough space to conjure foxfire!
Casting: Foxfire (safe; 6% risk of failure)
Confirm with . or Enter, or press ? or * to list all spells.
There is not enough space to conjure foxfire!
As you read the scroll labelled WANGENL CYHEQ, it crumbles to dust.
Wisps of shadow whirl around you...
It was a scroll of summoning.
You block the adder's attack. The adder bites you but does no damage.
The adder closely misses you.
Ijyb drinks a potion.
Ijyb seems to grow stronger.
The orc hits you with a +0 flail.
As you read the scroll labelled JUIXUR ERANT, it crumbles to dust.
It is a scroll of enchant armour.
Your +0 robe glows green for a moment.
The adder bites you but does no damage. The adder bites you.
Your goblin closely misses Ijyb.
Your orc wizard hits Ijyb but does no damage.
The orc hits you but does no damage.
Your orc closely misses the adder.
You barely miss the orc. You claw the orc.
You kill the orc!
The adder bites you but does no damage. The adder misses you.
The adder closely misses you.
Your goblin closely misses Ijyb.
Ijyb zaps a wand.
Your mind is blasted!
Ouch! That really hurt!
You die...

g.[
#######+#....
#.......#..K
#...........
#.......#
#......o#
#..o.goK#
#....gSS#
#....o)@#
#########


You could see Ijyb (strong, ally target), 2 adders, a kobold, 2 friendly orc
wizards, 2 friendly orcs and a friendly goblin (summoned).

Vanquished Creatures
  2 adders (D:2)
  2 worms (D:2)
  An orc (D:3)
  3 ball pythons (D:1)
  5 bats
  2 endoplasms
  6 goblins
  3 hobgoblins (D:1)
  5 kobolds
  2 quokkas
  A frilled lizard (D:2)
  9 rats
41 creatures vanquished.

Vanquished Creatures (others)
  132 foxfires
132 creatures vanquished.

Grand Total: 173 creatures vanquished

Notes
Turn   | Place    | Note
-------+----------+-------------------------------------------
     0 | D:1      | kae the Tengu Fire Elementalist began the quest for the
                  | Orb.
     0 | D:1      | Reached XP level 1. HP: 10/10 MP: 4/4
   143 | D:1      | Found Venidaaj's Antique Armour Shop.
   239 | D:1      | Reached XP level 2. HP: 11/16 MP: 0/6
   343 | D:1      | Found a faded altar of an unknown god.
   979 | D:2      | Reached skill level 1 in Fighting
   979 | D:2      | Reached XP level 3. HP: 15/20 MP: 1/7
  1249 | D:2      | Reached skill level 4 in Fire Magic
  1800 | D:2      | Reached XP level 4. HP: 23/25 MP: 1/8
  1908 | D:3      | Noticed Ijyb
  1920 | D:3      | Blown up by Ijyb

Illustrated notes

Levels and vault maps discovered:
D:1:      minmay_arrival_up_and_down, layout_basic,
          hellmonk_ecumenical_altar_lost_god, serial_shops, shop,
          serial_park_tiny_pond
D:2:      layout_basic, minivault_14
D:3:      layout_basic, marbit_many_paths, uniq_terence, uniq_ijyb, uniq_natasha

Skill      XL: |  1  2  3 |
---------------+----------+-----
Conjurations   | 2 |  2.4
Fighting       | 1 |  1.2
Fire Magic     | 4 |  4.2
Dodging        | |  2.1
Stealth        | |  2.0
Shields        | |  0.3
Spellcasting   | |  2.4

Action                   |  1- 3 |  4- 6 || total
-------------------------+-------+-------++-------
Melee: Unarmed           |     5 |       ||     5
       Dagger            |    13 |     1 ||    14
       Kick              |     4 |     1 ||     5
       Peck              |     1 |       ||     1
 Cast: Foxfire           |    73 |     3 ||    76
  Use: Scroll            |       |     5 ||     5
 Stab: Sleeping          |     1 |       ||     1
Armor: Robe              |    13 |     5 ||    18
Dodge: Dodged            |    18 |     6 ||    24
Block: Buckler           |     3 |     4 ||     7

Table legend: (Time is in decaauts)
 A = Elapsed time spent in this place.
 B = Non-inter-level travel time spent in this place.
 C = Inter-level travel time spent in this place.
 D = Time resting spent in this place.
 E = Time spent auto-exploring this place.
 F = Levels seen in this place.
 G = Mean time per level.
                   A        B        C        D        E       F      G
               +--------+--------+--------+--------+--------+-----+--------+
         Total |   1919 |   1789 |    130 |      0 |   1488 |   3 |  639.7 |
       Dungeon |   1919 |   1789 |    130 |      0 |   1488 |   3 |  639.7 |
               +--------+--------+--------+--------+--------+-----+--------+

Top non-repeatable levels by time:
     D:2: 960 daAuts
     D:1: 943 daAuts
     D:3: 15 daAuts
